 Dungeon Crawl Stone Soup version 0.20-a0-689-g860b9ab (webtiles) character file.

38 Alarkh the Magician (level 3, -1/24 HPs)
             Began as a Mummy Fire Elementalist on Feb 19, 2017.
             Slain by a scorpion (7 damage)
             ... on level 4 of the Dungeon.
             The game lasted 00:01:54 (814 turns).

Alarkh the Magician (Mummy Fire Elementalist)        Turns: 814, Time: 00:01:55

Health: -1/24      AC:  2    Str: 11    XL:     3   Next: 25%
Magic:  5/16       EV: 12    Int: 15    God:
Gold:   51         SH:  0    Dex: 12    Spells: 1/8 levels left

rFire    x . .     SeeInvis .   c - +0 dagger
rCold    + . .     Gourm    .   a - +0 robe
rNeg     + + +     Faith    .   (no shield)
rPois    ∞         Spirit   .   (no helmet)
rElec    .         Reflect  .   (no cloak)
rCorr    .         Harm     .   (no gloves)
MR       .....                  (no boots)
Stlth    ++........             (no amulet)
Regen    0.1/turn               (no ring)
MPRegen  0.2/turn               g - ring of magical power

@: no status effects
A: no food or potions, fire vulnerability, cold resistance 1, negative energy
resistance 3, torment resistance, unbreathing
a: no special abilities


You were on level 4 of the Dungeon.
You were not hungry.

You visited 1 branch of the dungeon, and saw 4 of its levels.

You collected 51 gold pieces.

Inventory:

Hand Weapons
 c - a +0 dagger (weapon)
Armour
 a - a +0 robe (worn)
Jewellery
 g - a ring of magical power (left hand)
Scrolls
 d - a scroll of amnesia {unknown}
 e - a scroll of teleportation {unknown}
 f - a scroll of noise {unknown}
 h - a scroll of identify {unknown}
 i - a scroll of magic mapping {unknown}
Books
 b - a book of Flames

   Spells                             Type                      Level
   a - Flame Tongue                   Conjuration/Fire             1
   b - Throw Flame                    Conjuration/Fire             2
   c - Conjure Flame                  Conjuration/Fire             3
   d - Inner Flame                    Hexes/Fire                   3
   e - Sticky Flame                   Conjuration/Fire             4
   f - Fireball                       Conjuration/Fire             5


   Skills:
 - Level 1.5 Dodging
 - Level 1.5 Stealth
 + Level 3.1 Spellcasting
 + Level 1.5 Conjurations
 + Level 3.0 Fire Magic


You had one spell level left.
You knew the following spells:

 Your Spells              Type           Power        Failure   Level  Hunger
a - Flame Tongue          Conj/Fire      #....        10%         1    N/A
b - Conjure Flame         Conj/Fire      #.......     24%         3    N/A
c - Inner Flame           Hex/Fire       #.......     34%         3    N/A

Dungeon Overview and Level Annotations

Branches:
Dungeon (4/15)
 Temple: D:4-7

Altars:

Annotations:
D:2 Sigmund


Innate Abilities, Weirdness & Mutations

You do not eat or drink.
Your flesh is vulnerable to fire.
You are immune to poison.
Your flesh is cold resistant. (rC+)
You are immune to negative energy. (rN+++)
You are immune to unholy pain and torment.
You can survive without breathing.


Message History

The scorpion is heavily wounded.
The scorpion stings you!
Casting: Flame Tongue
Confirm with . or Enter, or press ? or * to list all spells.
Aiming: Flame Tongue
Press: ? - help, Shift-Dir - straight line, f/p - scorpion
Aim: a scorpion (heavily wounded)
The flame tongue hits the scorpion.
The scorpion is severely wounded.
The scorpion stings you!
* * * LOW HITPOINT WARNING * * *
Casting: Flame Tongue
Confirm with . or Enter, or press ? or * to list all spells.
Aiming: Flame Tongue
Press: ? - help, Shift-Dir - straight line, f/p - scorpion
Aim: a scorpion (severely wounded)
The flame tongue hits the scorpion.
The scorpion is almost dead.
The scorpion stings you!
You die...

#.# #.# #.#
#.# # #.#
###.###.#
......)s####
#...).@...#
....######.#
#


You could see a scorpion.

Vanquished Creatures
  An ooze (D:1)
  A leopard gecko (D:1)
  4 bats
  4 giant cockroaches (D:1)
  3 goblins
  A hobgoblin (D:1)
  7 kobolds (D:1)
  2 ball pythons (D:1)
  2 frilled lizards (D:1)
  6 rats
31 creatures vanquished.

Notes
Turn   | Place    | Note
-------+----------+-------------------------------------------
     0 | D:1      | Alarkh the Mummy Fire Elementalist began the quest for the Orb.
     0 | D:1      | Reached XP level 1. HP: 13/13 MP: 4/4
    56 | D:1      | Reached skill level 1 in Conjurations
   108 | D:1      | Reached XP level 2. HP: 17/19 MP: 2/5
   550 | D:1      | Reached XP level 3. HP: 22/24 MP: 7/7
   555 | D:1      | Learned a level 3 spell: Conjure Flame
   559 | D:1      | Learned a level 3 spell: Inner Flame
   748 | D:2      | Noticed Sigmund
   802 | D:4      | Noticed a scorpion
   814 | D:4      | Slain by a scorpion

Vault maps used:
D:1:      mainiacjoe_arrival_reflecting_pool, corexii_leaking_fountain
D:2:      uniq_terence, uniq_sigmund
D:3:      chequers_ecumenical_altar_simple
D:4:      minmay_temple_entry_grid, uniq_grinder

Skill      XL: |  1  2  3 |
---------------+----------+-----
Conjurations   | 1 |  1.5
Fire Magic     | 3 |  3.0
Spellcasting   | 3 |  3.1
Dodging        | |  1.5
Stealth        | |  1.5

Action                   || total
-------------------------++-------
Melee: Dagger            ||     1
 Cast: Flame Tongue      ||    65
       Inner Flame       ||     1
Armor: Robe              ||     5
Dodge: Dodged            ||    19
